 Dungeon Crawl Stone Soup version 0.24-a0-235-g3f03afc (webtiles) character file.

Game seed: 9021589956235288083

155 Partyfoot the Skirmisher (level 5, 0/45 HPs)
             Began as a Draconian Warper on Apr 6, 2019.
             Slain by a quasit (1 damage)
             ... on level 3 of the Dungeon.
             The game lasted 00:07:48 (2935 turns).

Partyfoot the Skirmisher (Draconian Warper)         Turns: 2935, Time: 00:07:48

Health: 0/45       AC:  5    Str: 13    XL:     5   Next: 14%
Magic:  9/9        EV:  2    Int: 15    God:
Gold:   98         SH:  0    Dex: -11 (10)Spells: 10/10 levels left

rFire    . . .     SeeInvis .   a - +0 falchion
rCold    . . .     Gourm    .   (no shield)
rNeg     . . .     Faith    .   (armour unavailable)
rPois    .         Spirit   .   (helmet restricted)
rElec    .         Reflect  .   (no cloak)
rCorr    .         Harm     .   (no gloves)
MR       .....                  (no boots)
Stlth    ..........             (no amulet)
HPRegen  0.15/turn              (no ring)
MPRegen  0.11/turn              (no ring)

@: slowed, lost dexterity, very slow
A: unfitting armour, cold-blooded, AC +5
a: no special abilities


You were on level 3 of the Dungeon.
You were not hungry.

You visited 1 branch of the dungeon, and saw 3 of its levels.

You collected 98 gold pieces.

Inventory:

Hand Weapons
 a - a +0 falchion (weapon)
Missiles
 d - 5 tomahawks of dispersal
 i - 2 javelins of penetration (quivered)
 n - 6 javelins
Armour
 g - a +0 robe
Scrolls
 c - 2 scrolls of blinking
 e - a scroll of identify {unknown}
 j - 2 scrolls of enchant weapon {unknown}
 l - 2 scrolls of immolation {unknown}
 o - a scroll of fog {unknown}
 p - 4 scrolls of remove curse {unknown}
 q - a scroll of teleportation {unknown}
Potions
 b - 2 potions of mutation {unknown}
 h - a potion of degeneration {unknown}
 k - 2 potions of heal wounds {unknown}
 m - a potion of curing {unknown}
 r - a potion of berserk rage {unknown}
Comestibles
 f - 5 rations


   Skills:
 + Level 3.4 Fighting
 + Level 3.1 Long Blades
 - Level 0.8 Throwing
 + Level 3.1 Dodging
 + Level 3.0 Spellcasting
   Level 3.0 Translocations


You had 10 spell levels left.
You didn't know any spells.
Your spell library contained the following spells:

 Spells                   Type           Power        Failure   Level  Hunger
 Blink                    Tloc           N/A          9%          2    ##.....
 Shroud of Golubria       Chrm/Tloc      #.........   16%         2    ##.....
 Gell's Gravitas          Tloc           ##........   17%         3    ###....
 Lesser Beckoning         Tloc           ##........   17%         3    ###....
 Teleport Other           Tloc           ##......     17%         3    ###....
 Passage of Golubria      Tloc           N/A          50%         4    #####..


Dungeon Overview and Level Annotations

Branches:
Dungeon (3/15)

Altars:
Ashenzari

Annotations:
D:2 Sigmund


Innate Abilities, Weirdness & Mutations

Your plain brown scales are hard. (AC +5)
You cannot fit into any form of body armour.
You are cold-blooded and may be slowed by cold attacks.


Message History

The quasit completely misses you.
The quasit claws you but does no damage.
The quasit bites you but does no damage.
The quasit claws you but does no damage. x2
You hit the quasit.
Your tail-slap misses the quasit.
The quasit is severely wounded.
The quasit bites you but does no damage.
The quasit claws you but does no damage.
The quasit claws you.
* * * LOW HITPOINT WARNING * * *
You feel clumsy.
The quasit bites you but does no damage.
The quasit claws you but does no damage. x2
You closely miss the quasit.
The quasit is severely wounded.
The quasit bites you.
* * * LOW HITPOINT WARNING * * *
The quasit claws you but does no damage. x2
The quasit bites you.
You die...

#...#### ###..#....
.........
##.#(...##
........###
#.(.......
#5(..#### #@......#
.######.......#
........##....#####
.##########.......#
#.......#
####.......####
...............
####.......####
#...รท...#


You could see a quasit.

Vanquished Creatures
  Terence (D:2)
  3 adders (D:2)
  A shadow imp (D:3)
  An ooze (D:1)
  A worm (D:2)
  8 dart slugs
  2 leopard geckos
  2 orcs (D:3)
  5 giant cockroaches
  6 goblins
  9 hobgoblins
  2 jackals (D:2)
  8 kobolds
  11 bats
  A frilled lizard (D:2)
  3 rats
64 creatures vanquished.

Notes
Turn   | Place    | Note
-------+----------+-------------------------------------------
     0 | D:1      | Partyfoot the Draconian Warper began the quest for the Orb.
     0 | D:1      | Reached XP level 1. HP: 17/17 MP: 3/3
   245 | D:1      | Found a shattered altar of Ashenzari.
   253 | D:1      | Reached XP level 2. HP: 18/25 MP: 5/5
   563 | D:1      | Reached XP level 3. HP: 24/30 MP: 6/6
  1273 | D:2      | Reached XP level 4. HP: 20/38 MP: 7/7
  1954 | D:2      | Noticed Terence
  1976 | D:2      | Killed Terence
  2569 | D:2      | Reached XP level 5. HP: 45/45 MP: 9/9
  2594 | D:2      | Noticed Sigmund
  2921 | D:3      | Lost dexterity.
  2933 | D:3      | HP: 2/45 [quasit (2)]
  2935 | D:3      | Slain by a quasit

Levels and vault maps discovered:
D:1:      dpeg_cavernosity, layout_basic, minivault_4, ashenzari_altar_1
D:2:      layout_basic, grunt_decor_mini_mirrors, minmay_misc_feat_four_crosses,
          hex_tiny, uniq_sigmund, uniq_terence
D:3:      layout_rooms, uniq_crazy_yiuf_cottage, uniq_natasha, uniq_jessica

Skill      XL: |  1  2  3  4  5 |
---------------+----------------+-----
Fighting       | 3 |  3.4
Long Blades    | 3 |  3.1
Dodging        | 3 |  3.1
Spellcasting   | 3 |  3.0
Throwing       | |  0.8
Translocations | |  3.0

Action                   |  1- 3 |  4- 6 || total
-------------------------+-------+-------++-------
Melee: Falchion          |   151 |   117 ||   268
       Tailslap          |    15 |     5 ||    20
Throw: Javelin           |       |     8 ||     8
 Stab: Sleeping          |     1 |     1 ||     2
  Eat: Chunk             |     1 |     3 ||     4
       Ration            |       |     1 ||     1
Armor: Skin              |    57 |   140 ||   197
Dodge: Dodged            |   121 |   141 ||   262
       Rpst.: Falchion   |    33 |    31 ||    64

Table legend:
 A = Non-vault XP
 B = Vault XP
 C = Vault XP percentage of total XP
 D = Non-vault monster count
 E = Vault monster count
 F = Vault count percentage of total count
                 A         B        C        D         E       F
            +---------+---------+-------+---------+---------+-------
      Total |     176 |      46 |  20.7 |      59 |       5 |   7.8
            +---------+---------+-------+---------+---------+-------
        D:1 |      64 |      10 |  13.5 |      29 |       4 |  12.1
        D:2 |      87 |      36 |  29.3 |      24 |       1 |   4.0
        D:3 |      25 |       0 |   0.0 |       6 |       0 |   0.0
            +---------+---------+-------+---------+---------+-------
